 Dungeon Crawl Stone Soup version 0.20-a0-1101-g1de9d76 (webtiles) character file.

2550 Duffy the Basher (level 9, -5/49 HPs)
             Began as a Vine Stalker Monk on May 5, 2017.
             Was a Priest of Makhleb.
             Killed from afar by a gargoyle (15 damage)
             ... with a stone arrow
             ... on level 8 of the Dungeon.
             The game lasted 00:08:32 (6075 turns).

Duffy the Basher (Vine Stalker Monk)                Turns: 6075, Time: 00:08:33

Health: -5/49      AC: 10    Str: 12 (17) XL:     9   Next: 56%
Magic:  0/12       EV:  3    Int:  6 (10) God:    Makhleb [***...]
Gold:   367        SH:  0    Dex: 15 (17) Spells: 8/8 levels left

rFire    . . .     SeeInvis +   v - +0 flail
rCold    + . .     Gourm    .   (no shield)
rNeg     . . .     Faith    +   G - +0 plate armour
rPois    .         Spirit   +   (no helmet)
rElec    .         Reflect  .   (no cloak)
rCorr    .         Harm     .   (no gloves)
MR       +....                  (no boots)
Stlth    ..........             i - amulet of faith
Regen    0.6/turn               k - ring of protection from cold
MPRegen  0.2/turn               (no ring)

@: no status effects
A: fangs 3, talons 1, see invisible, deterioration 1, low mp 1, regeneration 1,
magic shield, antimagic bite, no potion heal 3, rot immunity, subdued magic 1
a: Minor Destruction, Lesser Servant of Makhleb, Renounce Religion


You were on level 8 of the Dungeon.
You worshipped Makhleb.
Makhleb was most pleased with you.
You were not hungry.

You visited 1 branch of the dungeon, and saw 8 of its levels.

You collected 406 gold pieces.
You spent 39 gold pieces at shops.

Inventory:

Hand Weapons
 v - a +0 flail (weapon)
Missiles
 l - 6 javelins of returning (quivered)
Armour
 G - a +0 plate armour (worn)
Jewellery
 i - an amulet of faith (around neck)
 k - a ring of protection from cold (left hand)
Wands
 n - a wand of lightning (12/15)
 z - a wand of flame (23/48)
Scrolls
 a - a scroll of enchant armour {unknown}
 f - 2 scrolls of magic mapping
 g - a scroll of brand weapon {unknown}
 p - 3 scrolls of teleportation
 q - 4 scrolls of remove curse
 s - 4 scrolls of recharging {unknown}
 u - a scroll of blinking {unknown}
 w - 3 scrolls of identify
 y - a scroll of fear {unknown}
 A - a scroll of immolation {unknown}
 B - a scroll of fog {unknown}
 F - 2 scrolls of enchant weapon {unknown}
 I - a scroll of random uselessness {unknown}
Potions
 b - 2 potions of curing
 d - 5 potions of mutation {unknown}
 e - 2 potions of haste {unknown}
 h - a potion of brilliance {unknown}
 m - a potion of cancellation {unknown}
 o - 2 potions of lignification
 x - a potion of flight {unknown}
 C - 2 potions of agility {unknown}
 D - a potion of heal wounds {unknown}
 E - a potion of invisibility {unknown}
 H - a potion of berserk rage {unknown}
Comestibles
 c - 5 bread rations
 j - 3 meat rations
 r - 3 chunks of flesh
 t - 4 royal jellies


   Skills:
 + Level 6.8 Fighting
 * Level 9.1 Maces & Flails
 - Level 2.4 Dodging
 - Level 2.4 Stealth
 + Level 4.9 Invocations


You had 8 spell levels left.
You didn't know any spells.

Dungeon Overview and Level Annotations

Branches:
Dungeon (8/15)             Temple (0/1) D:7
   Lair: D:8-11

Altars:
Gozag
Hepliaklqana
Makhleb
Nemelex Xobeh
Sif Muna
Xom

Shops:
D:7 *(

Annotations:
D:4 exclusion: upstairs
D:7 4 runed doors


Innate Abilities, Weirdness & Mutations

You have razor-sharp teeth.
Your natural rate of healing is unusually fast.
When hurt, damage is shared between your health and your magic reserves.
Your bite disrupts and absorbs the magic of your enemies.
Potions cannot restore your health.
You are immune to rotting.
You have sharp toenails.
You have supernaturally acute eyesight. (SInv)
Your body sometimes deteriorates upon taking damage.
Your magical capacity is low. (-10% MP)
Your spells are a little easier to cast, but a little less powerful.


Message History

The stone arrow hits you!
Your body deteriorates!
You feel weakened.
You are too injured to fight recklessly!
You are too injured to fight recklessly!
You are too injured to fight recklessly!
You are too injured to fight recklessly!
You are too injured to fight recklessly!
You are too injured to fight recklessly!
You are too injured to fight recklessly!
You are too injured to fight recklessly!
You are too injured to fight recklessly!
You are too injured to fight recklessly!
You are too injured to fight recklessly!
You are too injured to fight recklessly!
You are too injured to fight recklessly!
You barely miss the gargoyle.
The gargoyle is lightly damaged.
The gargoyle hurls a stone arrow at you.
The stone arrow hits you!
You die...

#.#...#.#
#.#.#.#.#
..#.#.#.#####+#
###.#.......#.#
#.##..###.#.#
#.....#.#.#.#
#####.#...#.#
#>#.###9#
###.###@#
#.....# #######


You could see a gargoyle.

Vanquished Creatures
  5 yaks (D:5)
  Menkaure (D:6)
  A black bear (D:7)
  A sky beast (D:6)
  An orc warrior (D:6)
  A phantom (D:5)
  3 ogres
  A necrophage (D:7)
  3 centaurs
  A bullfrog (D:7)
  A scorpion (D:6)
  A howler monkey (D:6)
  2 crimson imps (D:5)
  A quasit (D:7)
  A jelly (D:5)
  A centaur zombie (D:8)
  6 hounds
  A worker ant (D:7)
  A hound zombie (D:6)
  5 adders
  6 gnolls
  An adder skeleton (D:7)
  2 adder zombies
  2 worms
  4 leopard geckos
  17 orcs
  4 giant cockroaches
  5 goblins
  15 hobgoblins
  4 jackals (D:6)
  7 kobolds
  2 ball pythons
  15 bats
  5 frilled lizards
  2 giant cockroach zombies (D:6)
  A quokka skeleton (D:4)
  A quokka zombie (D:6)
  8 rats
139 creatures vanquished.

Vanquished Creatures (others)
  2 plants (D:7)
2 creatures vanquished.

Grand Total: 141 creatures vanquished

Notes
Turn   | Place    | Note
-------+----------+-------------------------------------------
     0 | D:1      | Duffy the Vine Stalker Monk began the quest for the Orb.
     0 | D:1      | Reached XP level 1. HP: 11/11 MP: 2/2
   378 | D:1      | Reached XP level 2. HP: 11/16 MP: 3/3
   511 | D:1      | Reached skill level 3 in Maces & Flails
  1158 | D:1      | Reached XP level 3. HP: 13/20 MP: 4/4
  2388 | D:3      | Found an opulent altar of Gozag.
  2536 | D:3      | Gained mutation: Your natural rate of healing is unusually fast. [Vine Stalker growth]
  2536 | D:3      | Reached XP level 4. HP: 17/24 MP: 5/5
  2890 | D:3      | You fall through a shaft for 3 floors!
  2895 | D:5      | Entered Level 5 of the Dungeon
  2902 | D:4      | Noticed an ogre
  2919 | D:4      | Reached skill level 4 in Maces & Flails
  3195 | D:4      | Killed an ogre
  3195 | D:4      | Reached XP level 5. HP: 20/29 MP: 4/6
  3381 | D:4      | Reached XP level 6. HP: 31/33 MP: 5/7
  3389 | D:4      | Reached skill level 5 in Maces & Flails
  3651 | D:5      | Noticed a phantom
  3661 | D:5      | Found a hazy altar of Hepliaklqana.
  3757 | D:5      | Killed a phantom
  3871 | D:6      | Found a shimmering altar of Xom.
  3921 | D:6      | Reached XP level 7. HP: 38/38 MP: 8/8
  3930 | D:6      | Found a burning altar of Makhleb.
  3956 | D:6      | Became a worshipper of Makhleb the Destroyer
  3956 | D:6      | Reached * piety under Makhleb
  3956 | D:6      | Reached ** piety under Makhleb
  4181 | D:6      | Reached skill level 6 in Maces & Flails
  4181 | D:6      | Reached skill level 1 in Invocations
  4200 | D:6      | Reached skill level 5 in Fighting
  4204 | D:6      | Gained mutation: Your spells are a little easier to cast, but a little less powerful. [mutagenic meat]
  4205 | D:6      | Gained mutation: Your body sometimes deteriorates upon taking damage. [mutagenic meat]
  4206 | D:6      | Gained mutation: Your magical capacity is low. (-10% MP) [mutagenic meat]
  4207 | D:6      | Gained mutation: You have supernaturally acute eyesight. (SInv) [mutagenic meat]
  4208 | D:6      | Gained mutation: You have sharp toenails. [mutagenic meat]
  4637 | D:5      | Noticed a yak
  4639 | D:5      | Noticed a yak
  4639 | D:5      | Noticed a yak
  4640 | D:5      | Noticed a yak
  4640 | D:5      | Noticed a yak
  4649 | D:5      | Killed a yak
  4649 | D:5      | Gained mutation: You have razor-sharp teeth. [Vine Stalker growth]
  4649 | D:5      | Reached XP level 8. HP: 43/43 MP: 6/9
  4658 | D:5      | Killed a yak
  4658 | D:5      | Reached skill level 7 in Maces & Flails
  4665 | D:5      | Killed a yak
  4675 | D:5      | Killed a yak
  4684 | D:5      | Killed a yak
  4784 | D:5      | Reached skill level 8 in Maces & Flails
  4822 | D:5      | Found a deep blue altar of Sif Muna.
  5048 | D:6      | Found a sparkling altar of Nemelex Xobeh.
  5076 | D:6      | Reached XP level 9. HP: 12/48 MP: 1/11
  5325 | D:6      | Noticed Menkaure
  5340 | D:6      | Killed Menkaure
  5546 | D:7      | Found a staircase to the Ecumenical Temple.
  5581 | D:7      | Found a huge runed gate.
  5581 | D:7      | Found a huge runed gate.
  5581 | D:7      | Found a huge runed gate.
  5581 | D:7      | Noticed a polar bear
  5581 | D:7      | Noticed a polar bear
  5582 | D:7      | Noticed a polar bear
  5583 | D:7      | Noticed a polar bear
  5585 | D:7      | Noticed a death yak
  5592 | D:7      | Noticed a polar bear
  5616 | D:7      | Found a huge runed gate.
  5755 | D:7      | Reached *** piety under Makhleb
  5803 | D:7      | Found Masygg's Weapon Boutique.
  5877 | D:7      | Found Lyzxit's Assorted Antiques.
  5885 | D:7      | Bought a scroll labeled VAEKAR GIYTAVI for 21 gold pieces
  5885 | D:7      | Bought a bubbling red potion for 18 gold pieces
  5962 | D:8      | Reached skill level 9 in Maces & Flails
  6069 | D:8      | Noticed a gargoyle
  6075 | D:8      | Killed from afar by a gargoyle

Vault maps used:
D:1:      lightli_arrival_noodles
D:3:      nicolae_overflow_hidden_temple, minmay_misc_feat_four_crosses
D:4:      first_bread
D:5:      old_standard_altar, lemuel_blue_sif_altar
D:6:      kennysheep_mini, marbit_many_paths, nemelex_xobeh_ov_fountains_minmay,
          uniq_menkaure
D:7:      lemuel_bear_cage, minmay_temple_entry_glass, serial_shops, shop,
          kennysheep_mini_moat, nicolae_shop_trees, minmay_misc_feat_nine_boxes,
          grunt_livestock, serial_bayou_lake_a

Skill      XL: |  1  2  3  4  5  6  7  8  9 |
---------------+----------------------------+-----
Fighting       | 3 4 5 6 |  6.8
Maces & Flails | 3 4 5 6 8 9 |  9.1
Invocations    | 2 4 |  4.9
Dodging        | |  2.4
Stealth        | |  2.4

Action                   |  1- 3 |  4- 6 |  7- 9 || total
-------------------------+-------+-------+-------++-------
Melee: Mace              |   133 |       |       ||   133
       Bite              |    31 |    44 |    73 ||   148
       Flail             |       |   139 |   272 ||   411
       Kick              |       |       |    63 ||    63
  Use: Scroll            |       |     6 |     1 ||     7
       Potion            |       |       |     2 ||     2
 Stab: Sleeping          |     8 |       |       ||     8
  Eat: Chunk             |     5 |     5 |    12 ||    22
Armor: Leather armour    |    19 |       |       ||    19
       Ring mail         |     8 |       |       ||     8
       Scale mail        |     3 |    40 |       ||    43
       Chain mail        |       |    15 |    62 ||    77
       Skin              |       |       |    22 ||    22
       Plate armour      |       |       |   132 ||   132
Dodge: Dodged            |    81 |    73 |    59 ||   213
